Bulldogs vs Senators

Created - Monday, February 23, 2015 at 23:44

Goals
1 2 3 T
Bulldogs 0 1 0 1
Senators 0 0 0 0
Shots
1 2 3 T
Bulldogs 6 15 13 34
Senators 7 8 4 19

1st period

No Goal

Penalties :
Mike Brown (BIN) for High sticking (Minor) at 5:59, John Scott (BIN) for Fighting (Major) at 9:02, Troy Bodie (Ham) for Fighting (Major) at 9:02, Steve Eminger (BIN) for High sticking (Minor) at 10:04, Colton Orr (BIN) for Cross-checking (Minor) at 13:46, Cody McCormick (Ham) for Holding (Minor) at 13:49, Eric Hartzell (Ham) for Slashing (Minor) at 16:49 - Troy Bodie served the penalty

2nd period

1. Bulldogs , Matt Hunwick 4 (Nathan Horton, Jordan Leopold) at 16:28 (PP)

Penalties :
Colton Orr (BIN) for Fighting (Major) at 5:11, Ryan Whitney (Ham) for Fighting (Major) at 5:11, Nathan Horton (Ham) for Goalie Interference (Minor) at 13:58, John Scott (BIN) for Tripping (Minor) at 15:50

3rd period

No Goal

Penalties :
Mike Brown (BIN) for Slashing (Double Minor) at 0:32, Matt Hunwick (Ham) for High sticking (Minor) at 0:52, Colton Orr (BIN) for Hooking (Minor) at 18:40

Goalie Stats

Eric Hartzell (Ham), 19 saves from 19 shots - (1.000), W, 30-9-7, 60:00 minutes
Jean-Francois Berube (BIN), 33 saves from 34 shots - (0.971), L, 33-16-12, 60:00 minutes

Players Stats for Bulldogs

Player Name              G  A  P  +/- PIM S  H  SB GA TA FO     MP     PP MP  PK MP  
------------------------------------------------------------------------------------
Brandon Yip              0  0  0   0  0   1  2  0  1  1  1/2    13:16   0:53   0:00 
Cody McCormick           0  0  0   0  2   1  3  0  1  0  10/14  16:13   3:13   0:30 
Drew LeBlanc             0  0  0   0  0   0  2  0  0  0  0/2     8:00   0:00   0:00 
Jean-Francois Jacques    0  0  0   0  0   1  2  0  0  0  1/1    14:19   0:53   0:03 
Jordan Leopold           0  1  1   0  0   0  1  1  1  0  0/0    26:09   4:37   1:19 
Mark Olver               0  0  0   0  0   2  2  0  0  1  6/13   16:02   3:44   0:44 
Matt Hunwick             1  0  1   0  2   3  2  1  0  0  0/0    24:58   4:36   1:19 
Nathan Beaulieu          0  0  0   0  0   3  0  0  0  0  0/0    14:37   0:22   0:00 
Nathan Horton            0  1  1   0  2   10 3  0  2  0  3/5    19:42   3:45   1:07 
Patrick Dwyer            0  0  0   0  0   1  2  1  1  0  0/0    20:54   3:14   2:49 
Patrick Kaleta           0  0  0   0  0   1  2  0  0  1  0/2     9:56   0:00   1:30 
Reece Scarlett           0  0  0   0  0   0  0  0  0  0  0/0    13:19   0:00   0:00 
Ryan Carter              0  0  0   0  0   2  0  0  1  3  0/0    18:21   3:44   1:05 
Ryan Whitney             0  0  0   0  5   2  0  2  0  1  0/0    19:38   3:14   2:35 
Steven Kampfer           0  0  0   0  0   0  1  0  0  1  0/0    21:37   3:14   2:35 
Tomas Jurco              0  0  0   0  0   5  0  1  8  0  0/0    15:18   3:44   0:00 
Trevor Smith             0  0  0   0  0   1  2  0  3  0  1/7    11:42   0:00   0:00 
Troy Bodie               0  0  0   0  5   1  0  0  3  0  0/0     8:33   0:00   0:00 

Players Stats for Senators

Player Name              G  A  P  +/- PIM S  H  SB GA TA FO     MP     PP MP  PK MP  
------------------------------------------------------------------------------------
Andrew MacWilliam        0  0  0   0  0   0  0  1  0  0  0/0    14:00   0:00   1:04 
Colton Orr               0  0  0   0  9   0  1  1  4  0  0/0    15:28   2:10   1:24 
Emerson Etem             0  0  0   0  0   3  3  0  3  0  3/11   24:08   1:47   4:45 
Evan Trupp               0  0  0   0  0   1  2  0  1  0  0/0    14:30   0:00   0:00 
Greg Nemisz              0  0  0   0  0   2  2  0  1  1  6/10   17:05   0:00   0:06 
Greg Pateryn             0  0  0   0  0   0  1  2  0  1  0/0    20:14   1:49   3:15 
Jesse Blacker            0  0  0   0  0   0  0  0  0  0  0/0    14:39   0:00   0:31 
Joe Finley               0  0  0   0  0   0  0  0  0  0  0/0     6:32   0:00   1:42 
John Scott               0  0  0   0  7   2  3  1  2  0  0/0    22:27   2:04   2:03 
Josh Leivo               0  0  0   0  0   2  1  0  1  0  0/0    17:23   2:07   1:25 
Kenny Ryan               0  0  0   0  0   1  0  0  0  0  0/0     9:08   0:00   2:02 
Korbinian Holzer         0  0  0   0  0   0  0  1  1  4  0/0    22:14   1:49   4:30 
Kyle Beach               0  0  0   0  0   0  0  0  0  0  0/0     5:12   0:00   0:00 
Kyle Chipchura           0  0  0   0  0   2  1  0  2  2  7/11   19:34   1:44   4:59 
Martin St. Pierre        0  0  0   0  0   1  0  0  0  0  7/12   16:45   2:07   0:21 
Mike Brown               0  0  0   0  6   4  0  0  2  1  1/2    12:43   1:44   0:40 
Steve Eminger            0  0  0   0  2   1  0  1  1  0  0/0    20:44   2:05   2:37 
Tyler Biggs              0  0  0   0  0   0  1  1  0  0  0/0    15:18   0:03   0:00 

3 Stars

1 - Eric Hartzell (Ham)
2 - Jean-Francois Berube (BIN)
3 - Matt Hunwick (Ham)

Power Play

Bulldogs - 1 on 7 Attempt(s) - 14.29%
Senators - 0 on 4 Attempt(s) - 0.00%

Penalty Kill

Bulldogs - 4 on 4 Attempt(s) - 100.00% - Score 0 goal in Penalty Kill
Senators - 6 on 7 Attempt(s) - 85.71% - Score 0 goal in Penalty Kill

Team Stat

Bulldogs - Hits : 24 - Faceoff Wins : 22 - Blocked Shots : 6 - Penalty Minutes : 16
Senators - Hits : 15 - Faceoff Wins : 24 - Blocked Shots : 8 - Penalty Minutes : 24

Official

Referees : Unknown
Linesman : Unknown

Game Notes

Troy Bodie beats up John Scott at 9:02 of 1st period
Ryan Whitney beats up Colton Orr at 5:11 of 2nd period
Kenny Ryan is injured at 9:37 of 3rd period (Broken Right Thumb)

Finance

Level 1 -- Attendance: 1583 (79.15%) -- Ticket Income $55,405
Level 2 -- Attendance: 796 (79.60%) -- Ticket Income $11,940
Total Attendance: 2379 (79.30%)
Total Ticket Income: $67,345
Other Income: $32,999
Total Income: $100,344

Bulldogs

5 vs 5 Forward 
   Center                   Left Wing                Right Wing               Time % Phy DF OF 
 1 Cody McCormick           Patrick Dwyer            Nathan Horton            35     1   2  2  
 2 Mark Olver               Ryan Carter              Tomas Jurco              30     1   2  2  
 3 Trevor Smith             Jean-Francois Jacques    Brandon Yip              22     1   2  2  
 4 Drew LeBlanc             Troy Bodie               Patrick Kaleta           13     1   2  2  

5 vs 5 Defense 
   Defense                  Defense                                           Time % Phy DF OF 
 1 Jordan Leopold           Matt Hunwick                                      35     1   2  2  
 2 Ryan Whitney             Steven Kampfer                                    30     1   2  2  
 3 Nathan Beaulieu          Reece Scarlett                                    22     1   2  2  
 4 Jordan Leopold           Matt Hunwick                                      13     1   2  2  

PowerPlay Forward 
   Center                   Left Wing                Right Wing               Time % Phy DF OF 
 1 Cody McCormick           Patrick Dwyer            Nathan Horton            60     1   2  2  
 2 Mark Olver               Ryan Carter              Tomas Jurco              40     1   2  2  

PowerPlay Defense
   Defense                  Defense                                           Time % Phy DF OF 
 1 Jordan Leopold           Matt Hunwick                                      60     1   2  2  
 2 Ryan Whitney             Steven Kampfer                                    40     1   2  2  

Penalty Kill 4 Players Forward 
   Center                   Wing                     Time % Phy DF OF 
 1 Nathan Horton            Patrick Dwyer            60     1   2  2  
 2 Ryan Carter              Cody McCormick           40     1   2  2  

Penalty Kill 4 Players Defense
   Defense                  Defense                  Time % Phy DF OF 
 1 Jordan Leopold           Matt Hunwick             60     1   2  2  
 2 Ryan Whitney             Steven Kampfer           40     1   2  2  

Penalty Kill - 3 Players Forward 
   Forward                                           Time % Phy DF OF 
 1 Nathan Horton                                     60     1   2  2  
 2 Patrick Dwyer                                     40     1   2  2  

Penalty Kill - 3 Players Defense
   Defense                  Defense                  Time % Phy DF OF 
 1 Jordan Leopold           Matt Hunwick             60     1   2  2  
 2 Ryan Whitney             Steven Kampfer           40     1   2  2  

4 vs 4 Forward 
   Center                   Wing                     Time % Phy DF OF 
 1 Nathan Horton            Patrick Dwyer            60     1   2  2  
 2 Ryan Carter              Cody McCormick           40     1   2  2  

4 vs 4 Defense
   Defense                  Defense                  Time % Phy DF OF 
 1 Jordan Leopold           Matt Hunwick             60     1   2  2  
 2 Ryan Whitney             Steven Kampfer           40     1   2  2  

Last Minutes Offensive
   Center                   Left Wing                Right Wing               Defense                  Defense                  
   Cody McCormick           Patrick Dwyer            Nathan Horton            Jordan Leopold           Matt Hunwick             

Last Minutes Defensive
   Center                   Left Wing                Right Wing               Defense                  Defense                  
   Cody McCormick           Patrick Dwyer            Nathan Horton            Jordan Leopold           Matt Hunwick             

Goaltenders
Starting : Eric Hartzell            
Backup : Farm Player84            

Extra Forwards
Normal : Jean-Francois Jacques, Brandon Yip, Patrick Kaleta - PP : Jean-Francois Jacques, Brandon Yip - PK : Patrick Kaleta
Extra Defensemen
Normal : Nathan Beaulieu, Reece Scarlett, Ryan Whitney - PP : Nathan Beaulieu - PK : Reece Scarlett, Ryan Whitney
Penalty Shots
Nathan Horton, Patrick Dwyer, Ryan Carter, Cody McCormick, Tomas Jurco

Senators

5 vs 5 Forward 
   Center                   Left Wing                Right Wing               Time % Phy DF OF 
 1 Kyle Chipchura           Emerson Etem             Mike Brown               35     1   2  2  
 2 Martin St. Pierre        Josh Leivo               Colton Orr               30     1   2  2  
 3 Greg Nemisz              Evan Trupp               Tyler Biggs              22     1   2  2  
 4 Emerson Etem             Kyle Beach               Kenny Ryan               13     1   2  2  

5 vs 5 Defense 
   Defense                  Defense                                           Time % Phy DF OF 
 1 John Scott               Steve Eminger                                     35     1   2  2  
 2 Korbinian Holzer         Greg Pateryn                                      30     1   2  2  
 3 Jesse Blacker            Andrew MacWilliam                                 22     1   2  2  
 4 Joe Finley               John Scott                                        13     1   2  2  

PowerPlay Forward 
   Center                   Left Wing                Right Wing               Time % Phy DF OF 
 1 Kyle Chipchura           Emerson Etem             Mike Brown               60     1   2  2  
 2 Martin St. Pierre        Josh Leivo               Colton Orr               40     1   2  2  

PowerPlay Defense
   Defense                  Defense                                           Time % Phy DF OF 
 1 John Scott               Steve Eminger                                     60     1   2  2  
 2 Korbinian Holzer         Greg Pateryn                                      40     1   2  2  

Penalty Kill 4 Players Forward 
   Center                   Wing                     Time % Phy DF OF 
 1 Emerson Etem             Kyle Chipchura           60     1   2  2  
 2 Mike Brown               Colton Orr               40     1   2  2  

Penalty Kill 4 Players Defense
   Defense                  Defense                  Time % Phy DF OF 
 1 John Scott               Steve Eminger            60     1   2  2  
 2 Korbinian Holzer         Greg Pateryn             40     1   2  2  

Penalty Kill - 3 Players Forward 
   Forward                                           Time % Phy DF OF 
 1 Emerson Etem                                      60     1   2  2  
 2 Kyle Chipchura                                    40     1   2  2  

Penalty Kill - 3 Players Defense
   Defense                  Defense                  Time % Phy DF OF 
 1 John Scott               Steve Eminger            60     1   2  2  
 2 Korbinian Holzer         Greg Pateryn             40     1   2  2  

4 vs 4 Forward 
   Center                   Wing                     Time % Phy DF OF 
 1 Emerson Etem             Kyle Chipchura           60     1   2  2  
 2 Mike Brown               Colton Orr               40     1   2  2  

4 vs 4 Defense
   Defense                  Defense                  Time % Phy DF OF 
 1 John Scott               Steve Eminger            60     1   2  2  
 2 Korbinian Holzer         Greg Pateryn             40     1   2  2  

Last Minutes Offensive
   Center                   Left Wing                Right Wing               Defense                  Defense                  
   Kyle Chipchura           Emerson Etem             Mike Brown               John Scott               Steve Eminger            

Last Minutes Defensive
   Center                   Left Wing                Right Wing               Defense                  Defense                  
   Kyle Chipchura           Emerson Etem             Mike Brown               John Scott               Steve Eminger            

Goaltenders
Starting : Jean-Francois Berube     
Backup : Cedrick Desjardins       

Extra Forwards
Normal : Greg Nemisz, Tyler Biggs, Kenny Ryan - PP : Greg Nemisz, Tyler Biggs - PK : Kenny Ryan
Extra Defensemen
Normal : Jesse Blacker, Andrew MacWilliam, Joe Finley - PP : Jesse Blacker - PK : Andrew MacWilliam, Joe Finley
Penalty Shots
Emerson Etem, John Scott, Kyle Chipchura, Mike Brown, Colton Orr

% Time on Ice - Bulldogs

Lines # - Real PCT - Wanted PCT - Time Play
Normal Forward
1 - 28% - 35% - 12:17
2 - 28% - 30% - 12:14
3 - 26% - 22% - 11:42
4 - 18% - 13% - 8:00
Normal Defense
1 - 35% - 35% - 15:16
2 - 33% - 30% - 14:39
3 - 28% - 22% - 12:13
4 - 5% - 13% - 2:05
PP Forward
1 - 52% - 60% - 4:07
2 - 48% - 40% - 3:44
PP Defense
1 - 59% - 60% - 4:37
2 - 41% - 40% - 3:14
PK Forward
1 - 86% - 60% - 3:21
2 - 14% - 40% - 0:33
PK Defense
1 - 34% - 60% - 1:19
2 - 66% - 40% - 2:35
PK3 Forward
1 - 0% - 60%
2 - 0% - 40%
PK3 Defense
1 - 0% - 60%
2 - 0% - 40%
44 Forward
1 - 91% - 60% - 3:41
2 - 9% - 40% - 0:21
44 Defense
1 - 71% - 60% - 2:52
2 - 29% - 40% - 1:10
Last Minute Offensive  - 0:00
Last Minute Defensive  - 0:00
Total
Forward - 60:00
Defense - 60:00

% Time on Ice - Senators

Lines # - Real PCT - Wanted PCT - Time Play
Normal Forward
1 - 24% - 35% - 10:39
2 - 31% - 30% - 13:51
3 - 33% - 22% - 14:30
4 - 12% - 13% - 5:13
Normal Defense
1 - 30% - 35% - 13:24
2 - 31% - 30% - 13:48
3 - 28% - 22% - 12:11
4 - 11% - 13% - 4:50
PP Forward
1 - 46% - 60% - 1:47
2 - 54% - 40% - 2:07
PP Defense
1 - 53% - 60% - 2:05
2 - 47% - 40% - 1:49
PK Forward
1 - 82% - 60% - 6:27
2 - 18% - 40% - 1:24
PK Defense
1 - 59% - 60% - 4:36
2 - 41% - 40% - 3:15
PK3 Forward
1 - 0% - 60%
2 - 0% - 40%
PK3 Defense
1 - 0% - 60%
2 - 0% - 40%
44 Forward
1 - 73% - 60% - 2:56
2 - 27% - 40% - 1:06
44 Defense
1 - 66% - 60% - 2:39
2 - 34% - 40% - 1:23
Last Minute Offensive  - 0:00
Last Minute Defensive  - 0:00
Total
Forward - 60:00
Defense - 60:00

Play by Play

1st period


0:01 of 1st period - Kyle Chipchura wins face-off versus Cody McCormick in neutral zone.
0:18 of 1st period - Snap shot by Mike Brown.
0:18 of 1st period - Shot Hit the Post.
1:39 of 1st period - Snap shot by Greg Nemisz.
1:39 of 1st period - Shot Misses the Net.
1:43 of 1st period - Snap shot by Greg Nemisz.
1:43 of 1st period - Stopped by Eric Hartzell with a rebound.
2:38 of 1st period - Nathan Beaulieu is hit by Emerson Etem and loses puck.
4:13 of 1st period - Snap shot by Martin St. Pierre.
4:13 of 1st period - Shot Misses the Net.
4:15 of 1st period - Wrist shot by Josh Leivo.
4:15 of 1st period - Shot Misses the Net.
4:17 of 1st period - Wrist shot by Martin St. Pierre.
4:17 of 1st period - Stopped by Eric Hartzell without a rebound.
4:18 of 1st period - Greg Nemisz wins face-off versus Drew LeBlanc in Bulldogs zone.
4:43 of 1st period - Wrist shot by Troy Bodie.
4:43 of 1st period - Stopped by Jean-Francois Berube without a rebound.
4:44 of 1st period - Mark Olver wins face-off versus Martin St. Pierre in Senators zone.
4:49 of 1st period - Slapshot by Tomas Jurco.
4:49 of 1st period - Deflect By Mark Olver.
4:49 of 1st period - Stopped by Jean-Francois Berube without a rebound.
4:50 of 1st period - Martin St. Pierre wins face-off versus Mark Olver in Senators zone.
5:40 of 1st period - Wrist shot by Evan Trupp.
5:40 of 1st period - Stopped by Eric Hartzell with a rebound.
5:56 of 1st period - Wrist shot by Nathan Horton.
5:56 of 1st period - Stopped by Jean-Francois Berube without a rebound.
5:57 of 1st period - Kyle Chipchura wins face-off versus Trevor Smith in Senators zone.
5:59 of 1st period - Minor Penalty to Mike Brown for High sticking.
6:00 of 1st period - Emerson Etem wins face-off versus Cody McCormick in Senators zone.
7:39 of 1st period - Snap shot by Nathan Horton.
7:39 of 1st period - Shot Misses the Net.
7:41 of 1st period - Slapshot by Patrick Dwyer.
7:41 of 1st period - Shot Blocked by Greg Pateryn.
7:43 of 1st period - Snap shot by Ryan Whitney.
7:43 of 1st period - Stopped by Jean-Francois Berube with a rebound.
7:53 of 1st period - Ryan Carter is hit by Kyle Chipchura and loses puck.
7:59 of 1st period - Penalty to Mike Brown is over, Mike Brown is back on ice.
8:12 of 1st period - Icing by Mike Brown.
8:13 of 1st period - Emerson Etem wins face-off versus Trevor Smith in Senators zone.
8:40 of 1st period - Tyler Biggs is hit by Jean-Francois Jacques and loses puck.
9:01 of 1st period - Wrist shot by Troy Bodie.
9:01 of 1st period - Shot Blocked by Steve Eminger.
9:02 of 1st period - Troy Bodie beats up John Scott.
9:02 of 1st period - Penalty to John Scott for Fighting.
9:02 of 1st period - Penalty to Troy Bodie for Fighting.
9:03 of 1st period - Cody McCormick wins face-off versus Martin St. Pierre in Senators zone.
9:18 of 1st period - Josh Leivo is hit by Nathan Horton and loses puck.
10:04 of 1st period - Minor Penalty to Steve Eminger for High sticking.
10:05 of 1st period - Mark Olver wins face-off versus Emerson Etem in Senators zone.
10:48 of 1st period - Off-side.
10:49 of 1st period - Mike Brown wins face-off versus Cody McCormick in neutral zone.
11:14 of 1st period - Kyle Chipchura is hit by Cody McCormick and loses puck.
11:19 of 1st period - Wrist shot by Nathan Horton.
11:19 of 1st period - Stopped by Jean-Francois Berube with a rebound.
11:58 of 1st period - Andrew MacWilliam is hit by Nathan Horton and loses puck.
12:04 of 1st period - Penalty to Steve Eminger is over, Steve Eminger is back on ice.
12:05 of 1st period - Wrist shot by Cody McCormick.
12:05 of 1st period - Shot Blocked by Korbinian Holzer.
12:07 of 1st period - Slapshot by Cody McCormick.
12:07 of 1st period - Shot Misses the Net.
12:09 of 1st period - Slapshot by Steven Kampfer.
12:09 of 1st period - Shot Misses the Net.
12:52 of 1st period - Icing by Jean-Francois Jacques.
12:53 of 1st period - Brandon Yip wins face-off versus Greg Nemisz in Bulldogs zone.
13:18 of 1st period - Patrick Kaleta is hit by Tyler Biggs and loses puck.
13:33 of 1st period - Snap shot by Ryan Carter.
13:33 of 1st period - Stopped by Jean-Francois Berube without a rebound.
13:34 of 1st period - Martin St. Pierre wins face-off versus Mark Olver in Senators zone.
13:46 of 1st period - Minor Penalty to Colton Orr for Cross-checking.
13:47 of 1st period - Cody McCormick wins face-off versus Emerson Etem in Senators zone.
13:49 of 1st period - Minor Penalty to Cody McCormick for Holding.
13:50 of 1st period - Kyle Chipchura wins face-off versus Nathan Horton in Bulldogs zone.
13:56 of 1st period - Snap shot by Kyle Chipchura.
13:56 of 1st period - Deflect By Emerson Etem.
13:56 of 1st period - Shot Blocked by Matt Hunwick.
13:56 of 1st period - Puck is out of play.
13:57 of 1st period - Nathan Horton wins face-off versus Emerson Etem in Bulldogs zone.
14:02 of 1st period - Penalty to John Scott is over, John Scott is back on ice.
14:02 of 1st period - Penalty to Troy Bodie is over, Troy Bodie is back on ice.
14:04 of 1st period - Slapshot by Kyle Chipchura.
14:04 of 1st period - Stopped by Eric Hartzell with a rebound.
14:28 of 1st period - Wrist shot by Emerson Etem.
14:28 of 1st period - Stopped by Eric Hartzell with a rebound.
14:30 of 1st period - Snap shot by Emerson Etem.
14:30 of 1st period - Shot Blocked by Patrick Dwyer.
14:32 of 1st period - Snap shot by Emerson Etem.
14:32 of 1st period - Stopped by Eric Hartzell with a rebound.
15:05 of 1st period - Greg Pateryn is hit by Patrick Dwyer and loses puck.
15:19 of 1st period - Wrist shot by Mike Brown.
15:19 of 1st period - Shot Misses the Net.
15:46 of 1st period - Penalty to Colton Orr is over, Colton Orr is back on ice.
15:47 of 1st period - Steven Kampfer is hit by Emerson Etem and loses puck.
15:49 of 1st period - Penalty to Cody McCormick is over, Cody McCormick is back on ice.
16:42 of 1st period - Greg Nemisz is hit by Drew LeBlanc and loses puck.
16:49 of 1st period - Slapshot by John Scott.
16:49 of 1st period - Deflect By Greg Nemisz.
16:49 of 1st period - Stopped by Eric Hartzell without a rebound.
16:49 of 1st period - Minor Penalty to Eric Hartzell for Slashing.
16:50 of 1st period - Nathan Horton wins face-off versus Martin St. Pierre in Bulldogs zone.
17:11 of 1st period - Snap shot by Martin St. Pierre.
17:11 of 1st period - Deflect By Colton Orr.
17:11 of 1st period - Shot Blocked by Ryan Whitney.
17:11 of 1st period - Puck is out of play.
17:12 of 1st period - Nathan Horton wins face-off versus Kyle Chipchura in Bulldogs zone.
18:23 of 1st period - Snap shot by Emerson Etem.
18:23 of 1st period - Shot Blocked by Ryan Whitney.
18:45 of 1st period - Josh Leivo is hit by Patrick Kaleta and loses puck.
18:49 of 1st period - Penalty to Troy Bodie is over, Troy Bodie is back on ice.
Goals for this period are 0 for Bulldogs vs 0 for Senators.
Shots for this period are 6 for Bulldogs vs 7 for Senators.

2nd period


0:01 of 2nd period - Cody McCormick wins face-off versus Kyle Chipchura in neutral zone.
0:22 of 2nd period - Wrist shot by Nathan Horton.
0:22 of 2nd period - Stopped by Jean-Francois Berube with a rebound.
1:02 of 2nd period - Wrist shot by Ryan Carter.
1:02 of 2nd period - Stopped by Jean-Francois Berube without a rebound.
1:03 of 2nd period - Greg Nemisz wins face-off versus Trevor Smith in Senators zone.
1:10 of 2nd period - Slapshot by John Scott.
1:10 of 2nd period - Stopped by Eric Hartzell without a rebound.
1:11 of 2nd period - Greg Nemisz wins face-off versus Brandon Yip in Bulldogs zone.
1:58 of 2nd period - Ryan Whitney is hit by John Scott and loses puck.
2:10 of 2nd period - Emerson Etem is hit by Cody McCormick and loses puck.
2:14 of 2nd period - Icing by Emerson Etem.
2:15 of 2nd period - Kyle Chipchura wins face-off versus Mark Olver in Senators zone.
2:34 of 2nd period - Snap shot by Mike Brown.
2:34 of 2nd period - Stopped by Eric Hartzell with a rebound.
3:08 of 2nd period - Nathan Horton is hit by Josh Leivo and loses puck.
4:01 of 2nd period - Wrist shot by Brandon Yip.
4:01 of 2nd period - Stopped by Jean-Francois Berube with a rebound.
4:14 of 2nd period - Tyler Biggs is hit by Trevor Smith and loses puck.
4:45 of 2nd period - Snap shot by Emerson Etem.
4:45 of 2nd period - Shot Misses the Net.
4:47 of 2nd period - Slapshot by Kenny Ryan.
4:47 of 2nd period - Stopped by Eric Hartzell with a rebound.
5:11 of 2nd period - Ryan Whitney beats up Colton Orr.
5:11 of 2nd period - Penalty to Colton Orr for Fighting.
5:11 of 2nd period - Penalty to Ryan Whitney for Fighting.
5:12 of 2nd period - Martin St. Pierre wins face-off versus Mark Olver in Senators zone.
5:33 of 2nd period - Tomas Jurco is hit by Greg Nemisz and loses puck.
6:06 of 2nd period - Snap shot by Emerson Etem.
6:06 of 2nd period - Stopped by Eric Hartzell with a rebound.
7:21 of 2nd period - Wrist shot by Brandon Yip.
7:21 of 2nd period - Shot Misses the Net.
7:23 of 2nd period - Wrist shot by Trevor Smith.
7:23 of 2nd period - Stopped by Jean-Francois Berube with a rebound.
7:33 of 2nd period - Slapshot by Nathan Beaulieu.
7:33 of 2nd period - Shot Blocked by Andrew MacWilliam.
8:39 of 2nd period - Steven Kampfer is hit by John Scott and loses puck.
8:48 of 2nd period - Snap shot by Josh Leivo.
8:48 of 2nd period - Stopped by Eric Hartzell without a rebound.
8:49 of 2nd period - Martin St. Pierre wins face-off versus Mark Olver in Bulldogs zone.
8:50 of 2nd period - Wrist shot by Josh Leivo.
8:50 of 2nd period - Stopped by Eric Hartzell without a rebound.
8:51 of 2nd period - Mark Olver wins face-off versus Martin St. Pierre in Bulldogs zone.
9:18 of 2nd period - Wrist shot by Ryan Carter.
9:18 of 2nd period - Deflect By Tomas Jurco.
9:18 of 2nd period - Stopped by Jean-Francois Berube with a rebound.
9:20 of 2nd period - Slapshot by Ryan Carter.
9:20 of 2nd period - Shot Misses the Net.
9:22 of 2nd period - Snap shot by Mark Olver.
9:22 of 2nd period - Shot Misses the Net.
9:24 of 2nd period - Snap shot by Mark Olver.
9:24 of 2nd period - Shot Misses the Net.
9:46 of 2nd period - Wrist shot by Nathan Horton.
9:46 of 2nd period - Stopped by Jean-Francois Berube with a rebound.
9:58 of 2nd period - Slapshot by Nathan Horton.
9:58 of 2nd period - Shot Misses the Net.
10:00 of 2nd period - Slapshot by Steven Kampfer.
10:00 of 2nd period - Shot Blocked by Greg Pateryn.
10:02 of 2nd period - Slapshot by Cody McCormick.
10:02 of 2nd period - Deflect By Martin St. Pierre.
10:02 of 2nd period - Shot Misses the Net.
10:02 of 2nd period - Puck is out of play.
10:03 of 2nd period - Kyle Chipchura wins face-off versus Trevor Smith in Senators zone.
10:03 of 2nd period - Kyle Chipchura is hit by Jean-Francois Jacques.
10:23 of 2nd period - Wrist shot by Trevor Smith.
10:23 of 2nd period - Shot Misses the Net.
10:51 of 2nd period - Slapshot by Nathan Beaulieu.
10:51 of 2nd period - Stopped by Jean-Francois Berube without a rebound.
10:52 of 2nd period - Greg Nemisz wins face-off versus Drew LeBlanc in Senators zone.
10:52 of 2nd period - Greg Nemisz is hit by Steven Kampfer.
11:14 of 2nd period - Slapshot by Troy Bodie.
11:14 of 2nd period - Shot Misses the Net.
11:16 of 2nd period - Slapshot by Ryan Whitney.
11:16 of 2nd period - Shot Misses the Net.
11:38 of 2nd period - Jesse Blacker is hit by Matt Hunwick and loses puck.
11:57 of 2nd period - Snap shot by Patrick Dwyer.
11:57 of 2nd period - Shot Blocked by Tyler Biggs.
11:59 of 2nd period - Slapshot by Matt Hunwick.
11:59 of 2nd period - Deflect By Patrick Dwyer.
11:59 of 2nd period - Shot Misses the Net.
11:59 of 2nd period - Puck is out of play.
12:00 of 2nd period - Kyle Chipchura wins face-off versus Mark Olver in Senators zone.
12:17 of 2nd period - Wrist shot by Emerson Etem.
12:17 of 2nd period - Shot Blocked by Tomas Jurco.
12:19 of 2nd period - Slapshot by Steve Eminger.
12:19 of 2nd period - Stopped by Eric Hartzell with a rebound.
12:21 of 2nd period - Slapshot by Mike Brown.
12:21 of 2nd period - Stopped by Eric Hartzell with a rebound.
13:18 of 2nd period - Kyle Beach is hit by Brandon Yip and loses puck.
13:33 of 2nd period - Snap shot by Nathan Horton.
13:33 of 2nd period - Stopped by Jean-Francois Berube without a rebound.
13:34 of 2nd period - Martin St. Pierre wins face-off versus Cody McCormick in Senators zone.
13:34 of 2nd period - Martin St. Pierre is hit by Jordan Leopold.
13:58 of 2nd period - Minor Penalty to Nathan Horton for Goalie Interference.
13:59 of 2nd period - Kyle Chipchura wins face-off versus Patrick Kaleta in Bulldogs zone.
14:28 of 2nd period - Wrist shot by Patrick Dwyer.
14:28 of 2nd period - Deflect By Patrick Kaleta.
14:28 of 2nd period - Stopped by Jean-Francois Berube without a rebound.
14:29 of 2nd period - Martin St. Pierre wins face-off versus Patrick Kaleta in Senators zone.
14:36 of 2nd period - Snap shot by Colton Orr.
14:36 of 2nd period - Shot Misses the Net.
15:50 of 2nd period - Minor Penalty to John Scott for Tripping.
15:51 of 2nd period - Jean-Francois Jacques wins face-off versus Emerson Etem in Senators zone.
15:58 of 2nd period - Penalty to Nathan Horton is over, Nathan Horton is back on ice.
16:02 of 2nd period - Wrist shot by Kyle Chipchura.
16:02 of 2nd period - Shot Misses the Net.
16:26 of 2nd period - Wrist shot by Nathan Horton.
16:26 of 2nd period - Stopped by Jean-Francois Berube with a rebound.
16:28 of 2nd period - Slapshot by Matt Hunwick.
16:28 of 2nd period - Deflect By Steve Eminger.
16:28 of 2nd period - Goal by Matt Hunwick - Bulldogs : 1 - Senators : 0.
16:29 of 2nd period - Mark Olver wins face-off versus Martin St. Pierre in neutral zone.
16:36 of 2nd period - Snap shot by Tomas Jurco.
16:36 of 2nd period - Stopped by Jean-Francois Berube without a rebound.
16:37 of 2nd period - Martin St. Pierre wins face-off versus Mark Olver in Senators zone.
17:56 of 2nd period - Wrist shot by Trevor Smith.
17:56 of 2nd period - Shot Misses the Net.
17:58 of 2nd period - Slapshot by Ryan Whitney.
17:58 of 2nd period - Stopped by Jean-Francois Berube with a rebound.
18:00 of 2nd period - Snap shot by Jean-Francois Jacques.
18:00 of 2nd period - Stopped by Jean-Francois Berube with a rebound.
18:02 of 2nd period - Snap shot by Jean-Francois Jacques.
18:02 of 2nd period - Shot Misses the Net.
18:20 of 2nd period - Kyle Chipchura is hit by Nathan Horton and loses puck.
19:47 of 2nd period - Snap shot by Tomas Jurco.
19:47 of 2nd period - Stopped by Jean-Francois Berube with a rebound.
19:49 of 2nd period - Snap shot by Ryan Carter.
19:49 of 2nd period - Deflect By Emerson Etem.
19:49 of 2nd period - Shot Misses the Net.
19:49 of 2nd period - Puck is out of play.
19:50 of 2nd period - Greg Nemisz wins face-off versus Trevor Smith in Senators zone.
19:55 of 2nd period - Brandon Yip is hit by Greg Nemisz and loses puck.
Goals for this period are 1 for Bulldogs vs 0 for Senators.
Shots for this period are 15 for Bulldogs vs 8 for Senators.

3rd period


0:01 of 3rd period - Cody McCormick wins face-off versus Emerson Etem in neutral zone.
0:04 of 3rd period - Steve Eminger is hit by Cody McCormick and loses puck.
0:27 of 3rd period - Snap shot by Mike Brown.
0:27 of 3rd period - Stopped by Eric Hartzell with a rebound.
0:32 of 3rd period - Double Minor Penalty to Mike Brown for Slashing.
0:33 of 3rd period - Mark Olver wins face-off versus Emerson Etem in Senators zone.
0:52 of 3rd period - Minor Penalty to Matt Hunwick for High sticking.
0:53 of 3rd period - Emerson Etem wins face-off versus Nathan Horton in Bulldogs zone.
2:26 of 3rd period - Snap shot by Brandon Yip.
2:26 of 3rd period - Shot Misses the Net.
2:42 of 3rd period - Slapshot by Jordan Leopold.
2:42 of 3rd period - Shot Misses the Net.
2:52 of 3rd period - Penalty to Matt Hunwick is over, Matt Hunwick is back on ice.
4:06 of 3rd period - Cody McCormick is hit by Emerson Etem and loses puck.
4:32 of 3rd period - Penalty to Mike Brown is over, Mike Brown is back on ice.
5:05 of 3rd period - Slapshot by Nathan Beaulieu.
5:05 of 3rd period - Stopped by Jean-Francois Berube without a rebound.
5:06 of 3rd period - Greg Nemisz wins face-off versus Trevor Smith in Senators zone.
5:44 of 3rd period - Steven Kampfer is hit by Evan Trupp and loses puck.
5:57 of 3rd period - Martin St. Pierre is hit by Patrick Kaleta and loses puck.
6:28 of 3rd period - Snap shot by Tomas Jurco.
6:28 of 3rd period - Stopped by Jean-Francois Berube with a rebound.
6:30 of 3rd period - Slapshot by Matt Hunwick.
6:30 of 3rd period - Stopped by Jean-Francois Berube with a rebound.
6:32 of 3rd period - Slapshot by Jordan Leopold.
6:32 of 3rd period - Shot Misses the Net.
6:52 of 3rd period - Slapshot by Patrick Dwyer.
6:52 of 3rd period - Shot Misses the Net.
6:54 of 3rd period - Snap shot by Patrick Dwyer.
6:54 of 3rd period - Stopped by Jean-Francois Berube with a rebound.
6:56 of 3rd period - Backhand shot by Nathan Beaulieu.
6:56 of 3rd period - Stopped by Jean-Francois Berube with a rebound.
7:12 of 3rd period - Greg Nemisz is hit by Brandon Yip and loses puck.
8:25 of 3rd period - Andrew MacWilliam is hit by Patrick Dwyer.
9:13 of 3rd period - Mike Brown is hit by Drew LeBlanc and loses puck.
9:36 of 3rd period - Kenny Ryan is hit by Mark Olver and loses puck.
9:37 of 3rd period - Kenny Ryan from Senators is injured at 9:37 of 3rd period (Broken Right Thumb).
9:38 of 3rd period - Cody McCormick wins face-off versus Mike Brown in Senators zone.
10:03 of 3rd period - Slapshot by Mike Brown.
10:03 of 3rd period - Stopped by Eric Hartzell with a rebound.
10:05 of 3rd period - Snap shot by John Scott.
10:05 of 3rd period - Stopped by Eric Hartzell with a rebound.
10:07 of 3rd period - Slapshot by Steve Eminger.
10:07 of 3rd period - Shot Blocked by Jordan Leopold.
10:27 of 3rd period - Jordan Leopold is hit by John Scott.
10:43 of 3rd period - Slapshot by Ryan Carter.
10:43 of 3rd period - Shot Blocked by Colton Orr.
10:45 of 3rd period - Snap shot by Mark Olver.
10:45 of 3rd period - Stopped by Jean-Francois Berube without a rebound.
10:46 of 3rd period - Trevor Smith wins face-off versus Greg Nemisz in Senators zone.
10:58 of 3rd period - Jean-Francois Jacques is hit by Greg Pateryn and loses puck.
11:27 of 3rd period - Ryan Whitney is hit by Evan Trupp and loses puck.
11:38 of 3rd period - Ryan Whitney is hit by Colton Orr.
11:42 of 3rd period - Josh Leivo is hit by Trevor Smith and loses puck.
12:19 of 3rd period - Snap shot by Kyle Chipchura.
12:19 of 3rd period - Stopped by Eric Hartzell without a rebound.
12:20 of 3rd period - Cody McCormick wins face-off versus Kyle Chipchura in Bulldogs zone.
13:22 of 3rd period - Wrist shot by Tomas Jurco.
13:22 of 3rd period - Shot Misses the Net.
13:54 of 3rd period - Martin St. Pierre is hit by Matt Hunwick and loses puck.
14:38 of 3rd period - Snap shot by Cody McCormick.
14:38 of 3rd period - Stopped by Jean-Francois Berube with a rebound.
14:40 of 3rd period - Wrist shot by Nathan Horton.
14:40 of 3rd period - Stopped by Jean-Francois Berube with a rebound.
14:42 of 3rd period - Wrist shot by Cody McCormick.
14:42 of 3rd period - Deflect By Nathan Horton.
14:42 of 3rd period - Stopped by Jean-Francois Berube with a rebound.
15:20 of 3rd period - Off-side.
15:21 of 3rd period - Mark Olver wins face-off versus Kyle Chipchura in neutral zone.
15:54 of 3rd period - Snap shot by Tomas Jurco.
15:54 of 3rd period - Stopped by Jean-Francois Berube without a rebound.
15:55 of 3rd period - Cody McCormick wins face-off versus Greg Nemisz in Senators zone.
15:56 of 3rd period - Wrist shot by Nathan Horton.
15:56 of 3rd period - Stopped by Jean-Francois Berube without a rebound.
15:57 of 3rd period - Cody McCormick wins face-off versus Greg Nemisz in Senators zone.
17:10 of 3rd period - Snap shot by Trevor Smith.
17:10 of 3rd period - Shot Misses the Net.
18:40 of 3rd period - Minor Penalty to Colton Orr for Hooking.
18:41 of 3rd period - Cody McCormick wins face-off versus Emerson Etem in Senators zone.
18:43 of 3rd period - Slapshot by Nathan Horton.
18:43 of 3rd period - Stopped by Jean-Francois Berube without a rebound.
18:44 of 3rd period - Cody McCormick wins face-off versus Emerson Etem in Senators zone.
19:44 of 3rd period - Emerson Etem is hit by Mark Olver and loses puck.
19:56 of 3rd period - Slapshot by Matt Hunwick.
19:56 of 3rd period - Shot Blocked by John Scott.
19:58 of 3rd period - Slapshot by Matt Hunwick.
19:58 of 3rd period - Stopped by Jean-Francois Berube with a rebound.
Goals for this period are 0 for Bulldogs vs 0 for Senators.
Shots for this period are 13 for Bulldogs vs 4 for Senators.


Output by the SimonT Hockey Simulator (STHS) for Eric Dolegowski -- Original Page W3C XHTML 1.0 Valid
Hockey Simulator - Hockey Simulation - Hockey Manager